 Dungeon Crawl Stone Soup version 0.19.1-1-g22dce08 (webtiles) character file.

2153 Alarkh the Cleaver (level 9, 63/63 HPs)
             Began as a Demonspawn Monk on Jan 14, 2017.
             Was a Believer of Dithmenos.
             Quit the game on level 7 of the Dungeon.
             The game lasted 00:09:43 (5523 turns).

Alarkh the Cleaver (Demonspawn Monk)                Turns: 5523, Time: 00:09:44

Health: 63/63      AC: 10    Str: 11    XL:     9   Next: 10%
Magic:  9/9        EV: 13    Int: 16    God:    Dithmenos [**....]
Gold:   332        SH:  0    Dex: 15    Spells: 0 memorised, 8 levels left

rFire  . . .     SeeInvis +     a - +4 war axe (elec)
rCold  . . .     Gourm    .     b - +0 robe
rNeg   . . .     Faith    .     (no shield)
rPois  .         Spirit   .     (helmet unavailable)
rElec  .         Reflect  .     r - +0 cloak
rCorr  +         Harm     .     (no gloves)
MR     .....                    q - +2 pair of boots
Stlth  ++........               G - amulet of regeneration
                                w - ring of resist corrosion
                                m - +2 ring of protection

@: wreathed by umbra
A: antennae 3, icy blue scales 1, powered by death 1, rot immunity
a: Shadow Step, Renounce Religion


You were on level 7 of the Dungeon.
You worshipped Dithmenos.
Dithmenos was pleased with you.
You were not hungry.

You visited 1 branch of the dungeon, and saw 7 of its levels.
You also visited: Sewer and Ossuary.

You collected 332 gold pieces.

Inventory:

Hand Weapons
 a - a +4 war axe of electrocution (weapon)
 p - a +1 spear of venom
 t - a +0 hand axe
Missiles
 s - a throwing net (quivered)
Armour
 b - a +0 robe (worn)
 q - a +2 pair of boots (worn)
 r - a +0 cloak (worn)
Jewellery
 m - a +2 ring of protection (left hand)
 u - an uncursed amulet of faith
 w - a ring of resist corrosion (right hand)
 y - a +2 amulet of reflection
 C - a +3 ring of intelligence
 G - an amulet of regeneration (around neck)
Wands
 D - a wand of disintegration (9/24)
Scrolls
 d - 4 scrolls of remove curse
 e - 3 scrolls of identify
 i - a scroll of fog {unknown}
 j - 3 scrolls of teleportation
 k - a scroll of blinking
 o - a scroll of immolation
 v - 3 scrolls of recharging
 E - a scroll of enchant armour
 H - a scroll of noise {unknown}
Potions
 h - a potion of resistance
 l - a potion of agility
 z - a potion of cancellation
 A - a potion of brilliance {unknown}
 F - a potion of might {unknown}
 J - a potion of lignification {unknown}
Books
 f - a Young Poisoner's Handbook

   Spells                             Type                      Level
   a - Sting                          Conjuration/Poison           1
   b - Mephitic Cloud                 Conjuration/Poison/Air       3
   c - Olgreb's Toxic Radiance        Poison                       4
   d - Alistair's Intoxication        Transmutation/Poison         5
   e - Venom Bolt                     Conjuration/Poison           5
 n - a Fen Folio

   Spells                             Type                      Level
   a - Corpse Rot                     Necromancy                   2
   b - Stone Arrow                    Conjuration/Earth            3
   c - Leda's Liquefaction            Hexes/Earth                  4
   d - Summon Forest                  Summoning/Translocation      5
   e - Hydra Form                     Transmutation                6
   f - Summon Hydra                   Summoning                    7
Comestibles
 c - 3 bread rations
 g - 3 slices of pizza
 B - a meat ration
 I - 3 fruits


   Skills:
 - Level 3.0 Fighting
 + Level 11.2 Axes
 - Level 2.6 Dodging
 - Level 1.7 Stealth


You had 8 spell levels left.
You didn't know any spells.

Dungeon Overview and Level Annotations

Branches:
Dungeon (7/15)
 Temple: D:4-7

Altars:
Dithmenos
Elyvilon
Makhleb
Sif Muna
Vehumet

Annotations:
D:3 dscm's ghost, weakling GrFi


Innate Abilities, Weirdness & Mutations

You have a pair of large antennae on your head. (SInv)
You are partially covered in icy blue scales. (AC +2)
You regenerate a little health from kills.
You are immune to rotting.


Message History

Found 17 sling bullets.
Found a stone staircase leading up.
The helpless iguana fails to defend itself.
You slash the iguana!
The iguana is severely wounded.
The iguana bites you but does no damage.
You hit the iguana.
You kill the iguana!
Dithmenos accepts your kill.
No target in view!
No target in view!
No target in view!
No target in view!
No target in view!
No target in view!
No target in view!
No target in view!
No target in view!
No target in view!
No target in view!
Are you sure you want to abandon this character and quit the game? (Confirm with "yes".)

........ #...# ....####
+...+ { ........ #...##
.#.#### #<... .#.#
#.##.. +... ....# #.....
###.###.. #..... #.....
.......†# #... ###.....
#..###@###.##+##...##+#
..................####.#
.....................#..
....(..#.........#....##
.......#.........#....##
....##.#.........#.##...
.##. #.#.........#.##...
#{ #.#.........#.###..
#...=.....#.# #..


There were no monsters in sight!

Vanquished Creatures
  The ghost of dscm the Covered, an amateur GrFi (D:5)
  An ice beast (D:7)
  An orc warrior (D:6)
  2 ogres
  A centaur (D:5)
  A crocodile (Sewer)
  3 elf zombies (Ossuary)
  Blork the orc (D:6)
  2 bullfrogs (D:6)
  2 crimson imps
  A quasit (D:6)
  A bullfrog zombie (D:7)
  3 centaur zombies
  2 human zombies (Ossuary)
  Crazy Yiuf (D:6)
  A bullfrog skeleton (D:6)
  An orc priest (D:4)
  3 hounds
  2 orc wizards
  2 iguanas
  4 worker ants
  A statue (D:4)
  A killer bee zombie (D:7)
  A hound zombie (Ossuary)
  3 mummies (Ossuary)
  14 adders
  3 gnolls (D:2)
  2 river rats (D:4)
  2 oozes
  3 adder zombies
  4 worms
  A dart slug (D:4)
  5 leopard geckos
  9 orcs
  5 ball pythons
  A giant cockroach (D:1)
  7 goblins
  8 hobgoblins
  10 jackals
  4 quokkas
  5 bats
  9 frilled lizards
  A giant cockroach zombie (D:6)
  2 gnoll zombies (Ossuary)
  5 goblin zombies (Ossuary)
  5 hobgoblin zombies (Ossuary)
  2 jackal skeletons
  2 jackal zombies (Ossuary)
  7 kobolds
  4 kobold zombies (Ossuary)
  A leopard gecko skeleton (D:5)
  2 orc zombies (Ossuary)
  3 quokka zombies (Ossuary)
  8 rats
  3 rat zombies (Ossuary)
179 creatures vanquished.

Vanquished Creatures (others)
  A leopard gecko (D:3)
1 creature vanquished.

Grand Total: 180 creatures vanquished

Notes
Turn   | Place    | Note
-------+----------+-------------------------------------------
     0 | D:1      | Alarkh the Demonspawn Monk began the quest for the Orb.
     0 | D:1      | Reached XP level 1. HP: 18/18 MP: 1/1
   131 | D:1      | Reached skill level 3 in Axes
   165 | D:1      | Gained mutation: You have a pair of small antennae on your head. [demonic ancestry]
   165 | D:1      | Reached XP level 2. HP: 24/24 MP: 2/2
   814 | D:2      | Gained mutation: You are partially covered in icy blue scales. (AC +2) [demonic ancestry]
   814 | D:2      | Reached XP level 3. HP: 29/29 MP: 3/3
   928 | D:2      | Reached skill level 4 in Axes
  1069 | D:2      | Gained mutation: You have a pair of antennae on your head. [demonic ancestry]
  1069 | D:2      | Reached XP level 4. HP: 24/35 MP: 4/4
  1363 | D:2      | Reached skill level 5 in Axes
  1526 | D:3      | Found a white marble altar of Elyvilon.
  1810 | D:3      | Gained mutation: You have a pair of large antennae on your head. (SInv) [demonic ancestry]
  1810 | D:3      | Reached XP level 5. HP: 41/41 MP: 5/5
  1985 | D:3      | Noticed dscm's ghost (weakling GrFi)
  2363 | D:4      | Found a radiant altar of Vehumet.
  2365 | D:4      | Noticed a charred statue
  2389 | D:4      | Reached skill level 6 in Axes
  2409 | D:4      | Found a burning altar of Makhleb.
  2418 | D:4      | Found a glowing drain.
  2420 | D:4      | Reached XP level 6. HP: 43/47 MP: 6/6
  2429 | Sewer    | Entered a sewer
  2569 | D:4      | Found a sand-covered staircase.
  2595 | Ossuary  | Entered an ossuary
  2677 | Ossuary  | Reached skill level 7 in Axes
  2791 | Ossuary  | Gained mutation: You regenerate a little health from kills. [demonic ancestry]
  2791 | Ossuary  | Reached XP level 7. HP: 34/52 MP: 7/7
  2955 | Ossuary  | Reached skill level 8 in Axes
  3568 | D:5      | Entered Level 5 of the Dungeon
  3572 | D:5      | Reached skill level 9 in Axes
  3572 | D:5      | Reached XP level 8. HP: 57/58 MP: 8/8
  3576 | D:5      | Found a shadowy altar of Dithmenos.
  3620 | D:5      | Became a worshipper of Dithmenos the Shadowed
  3620 | D:5      | Reached * piety under Dithmenos
  3620 | D:5      | Reached ** piety under Dithmenos
  3647 | D:5      | Noticed dscm's ghost (amateur GrFi)
  3671 | D:5      | Killed dscm's ghost
  4176 | D:5      | Found a deep blue altar of Sif Muna.
  4478 | D:6      | Reached skill level 10 in Axes
  4672 | D:6      | Noticed Blork the orc
  4685 | D:6      | Killed Blork the orc
  4842 | D:6      | Found a runed door.
  4899 | D:6      | Found a burning altar of Makhleb.
  4899 | D:6      | Noticed a cacodemon
  4958 | D:6      | Noticed a hellwing
  4958 | D:6      | Noticed a smoke demon
  5288 | D:6      | Noticed Crazy Yiuf
  5293 | D:6      | Killed Crazy Yiuf
  5469 | D:7      | Reached skill level 11 in Axes
  5469 | D:7      | Gained mutation: You are immune to rotting. [demonic ancestry]
  5469 | D:7      | Reached XP level 9. HP: 62/63 MP: 9/9
  5523 | D:7      | Quit the game

Skill      XL: |  1  2  3  4  5  6  7  8 |
---------------+-------------------------+-----
Axes           | 3 4 5 6 7 9 11 | 11.2
Fighting       | |  3.0
Dodging        | |  2.6
Stealth        | |  1.7

Action                   |  1- 3 |  4- 6 |  7- 9 || total
-------------------------+-------+-------+-------++-------
Melee: Hand axe          |    40 |       |       ||    40
       Spear             |    55 |    32 |       ||    87
       War axe           |       |   163 |   193 ||   356
  Use: Scroll            |     2 |    13 |     4 ||    19
       Potion            |       |     4 |     3 ||     7
 Stab: Sleeping          |     4 |     3 |     7 ||    14
  Eat: Chunk             |     1 |     5 |     4 ||    10
       Meat ration       |       |       |     1 ||     1
Armor: Robe              |    29 |    56 |    33 ||   118
Dodge: Dodged            |    46 |   102 |   130 ||   278
Block: Other             |       |     6 |     4 ||    10
